 Dungeon Crawl Stone Soup version 0.24-a0-698-g60d090ba07 (webtiles) character file.

157 BenSoosneb the Slasher (level 5, 41/42 HPs)
             Began as a Barachi Fighter on Feb 26, 2017.
             Quit the game on level 6 of the Dungeon on May 13, 2020.
             The game lasted 00:10:01 (1683 turns).

BenSoosneb the Slasher (Barachi Fighter)            Turns: 1683, Time: 00:10:02

Health: 41/42      AC:  9    Str: 17    XL:     5   Next: 38%
Magic:  14/14      EV:  8    Int:  9    God:
Gold:   139        SH:  9    Dex: 12    Spells: 4/4 levels left

rFire    + . .     SeeInvis .   a - +0 long sword
rCold    . . .     Gourm    .   c - +0 shield
rNeg     . . .     Faith    .   p - +3 leather armour {rF+}
rPois    .         Spirit   .   (no helmet)
rElec    .         Reflect  .   m - +0 cloak
rCorr    .         Harm     .   g - +1 pair of gloves
MR       .....                  (no boots)
Stlth    +.........             (no amulet)
HPRegen  0.14/turn              j - ring of magical power
MPRegen  0.14/turn              (no ring)

@: slow
A: +LOS, swims, slowness 1, strong legs 1
a: Hop


You were on level 6 of the Dungeon.
You were not hungry.

You visited 1 branch of the dungeon, and saw 4 of its levels.

You collected 139 gold pieces.

Inventory:

Hand Weapons
 a - a +0 long sword (weapon)
Missiles
 q - 5 javelins (quivered)
Armour
 c - a +0 shield (worn)
 g - a +1 pair of gloves (worn)
 m - a +0 cloak (worn)
 p - a +3 leather armour of fire resistance (worn)
Jewellery
 j - a ring of magical power (left hand)
Wands
 n - a wand of removedness (2)
 t - a wand of removedness (26)
Scrolls
 e - 2 scrolls of immolation {unknown}
 k - a scroll of enchant armour {unknown}
 l - 3 scrolls of identify {unknown}
 s - a scroll of removedness
Potions
 b - 2 potions of curing {unknown}
 d - a potion of might
 i - a potion of flight {unknown}
 r - a potion of haste {unknown}
 u - a potion of agility {unknown}
Comestibles
 f - a ration
 h - a ration
 o - 6 chunks of flesh


   Skills:
 - Level 3.9 Fighting
 + Level 5.7 Long Blades
 - Level 4.1 Armour
 - Level 0.2 Dodging
 - Level 3.6 Shields


You had 4 spell levels left.
You didn't know any spells.
Your spell library was empty.

Dungeon Overview and Level Annotations

Branches:
Dungeon (3/15)

Altars:
Uskayaw


Innate Abilities, Weirdness & Mutations

Shadows flee at your approach. (+LOS)
You can swim through water.
You cover ground slowly.
You can hop short distances.


Message History

Infinite lua loop detected, aborting.
Infinite lua loop detected, aborting.
Infinite lua loop detected, aborting.
Infinite lua loop detected, aborting.
Infinite lua loop detected, aborting.
Infinite lua loop detected, aborting.
Infinite lua loop detected, aborting.
Infinite lua loop detected, aborting.
Infinite lua loop detected, aborting.
Infinite lua loop detected, aborting.
Infinite lua loop detected, aborting.
Infinite lua loop detected, aborting.
Infinite lua loop detected, aborting.
There are no items here.
Infinite lua loop detected, aborting.
Your Armour skill increases to level 4!
Welcome back, BenSoosneb the Barachi Fighter.
Press ? for a list of commands and other information.
Clearing level map.
Are you sure you want to abandon this character and quit the game? (Confirm with "yes".)

..........#...####...#..#
...................###...
....#.##.#..###### #.##
#.....%..##.# #.#
#.<......##.##### #.#
#........##.....#### #.#
#........######....# #.#
#........## ####.###.#
#.......@.# #...#.##
###....##...# ######...#.
#...## ##..##..........
..... .....######... ...#
...##........ .#.
.....#####.. .... #.. .
###.. #....


There were no monsters in sight!

Vanquished Creatures
  Ijyb (D:2)
  6 adders
  An ooze (D:1)
  A worm (D:2)
  3 dart slugs
  4 leopard geckos
  A ball python (D:1)
  8 bats
  A giant cockroach (D:3)
  4 goblins
  9 hobgoblins
  3 jackals (D:6)
  A quokka (D:6)
  5 frilled lizards
  A giant cockroach zombie (D:6)
  9 kobolds
  4 rats
62 creatures vanquished.

Vanquished Creatures (others)
  5 toadstools (D:1)
5 creatures vanquished.

Grand Total: 67 creatures vanquished

Notes
Turn   | Place    | Note
-------+----------+-------------------------------------------
     0 | D:1      | BenSoosneb the Barachian Fighter began the quest for the
                  | Orb.
     0 | D:1      | Reached XP level 1. HP: 18/18 MP: 1/1
    49 | D:1      | Reached XP level 2. HP: 19/24 MP: 2/2
   431 | D:1      | Reached XP level 3. HP: 24/29 MP: 3/3
   534 | D:1      | Reached skill level 3 in Long Blades
   747 | D:2      | Noticed Ijyb
   768 | D:2      | Killed Ijyb
   768 | D:2      | Reached XP level 4. HP: 35/35 MP: 4/4
   774 | D:2      | Reached skill level 4 in Long Blades
   970 | D:2      | Noticed a dagger
   971 | D:2      | Found a hide-covered altar of Uskayaw.
   972 | D:2      | Noticed a dagger
  1215 | D:2      | Reached XP level 5. HP: 39/41 MP: 5/5
  1417 | D:3      | Reached skill level 5 in Long Blades
  1566 | D:3      | You fall through a shaft for 3 floors!
  1683 | D:6      | Quit the game

Levels and vault maps discovered:
D:1:      ldierk_walled_garden
D:2:      dancing_weapons_uskayaw, uniq_iyjb
D:3:      first_bread, uniq_jessica

Skill      XL: |  1  2  3  4  5 |
---------------+----------------+-----
Long Blades    | 3 4 5 |  5.7
Armour         | 4 |  4.1
Fighting       | |  3.9
Dodging        | |  0.2
Shields        | |  3.6

Action                   |  1- 3 |  4- 6 || total
-------------------------+-------+-------++-------
Melee: Long sword        |   124 |    94 ||   218
 Abil: Dig               |     1 |       ||     1
  Eat: Chunk             |       |     4 ||     4
Armor: Scale mail        |    69 |     6 ||    75
       Leather armour    |       |    31 ||    31
Dodge: Dodged            |    38 |    29 ||    67
Block: Shield            |    76 |    55 ||   131
       Rpst.: Long sword |    12 |    11 ||    23

Table legend:
 A = Non-vault XP
 B = Vault XP
 C = Vault XP percentage of total XP
 D = Non-vault monster count
 E = Vault monster count
 F = Vault count percentage of total count
                 A         B        C        D         E       F
            +---------+---------+-------+---------+---------+-------
      Total |       0 |       0 |   N/A |       0 |       0 |  -nan
            +---------+---------+-------+---------+---------+-------
            +---------+---------+-------+---------+---------+-------
